 Dungeon Crawl Stone Soup version 0.30-a0-341-g682706514a (webtiles) character file.

Game seed: 13977173216789026305

49 HoaS the Shooter (level 3, -5/21 HPs)
             Began as a Tengu Hunter on Nov 4, 2022.
             Slain by Terence
             ... wielding a +0 mace
              (9 damage)
             ... on level 2 of the Dungeon.
             The game lasted 00:01:45 (949 turns).

HoaS the Shooter (Tengu Hunter)                      Turns: 949, Time: 00:01:46

Health: -5/21      AC:  3    Str: 11    XL:     3   Next: 77%
Magic:  4/4        EV: 12    Int:  9    God:
Gold:   55         SH:  0    Dex: 19    Spells: 2/2 levels left

rFire   . . .      SeeInvis +    a - +0 shortbow
rCold   . . .      Faith    .    (shield currently unavailable)
rNeg    . . .      Spirit   .    c - +0 leather armour
rPois   .          Reflect  .    (helmet restricted)
rElec   .          Harm     .    (no cloak)
rCorr   .          Rampage  .    (no gloves)
Will    .....                    (boots unavailable)
Stlth   ++........               (no amulet)
HPRegen 0.23/turn                e - ring of see invisible
MPRegen 0.09/turn                (no ring)

@: no status effects
A: beak, talons 3
a: no special abilities


You were on level 2 of the Dungeon.
You visited 1 branch of the dungeon, and saw 2 of its levels.

You collected 55 gold pieces.

Inventory:

Hand Weapons
 a - a +0 shortbow (weapon)
Armour
 c - a +0 leather armour (worn)
Jewellery
 e - a ring of see invisible (left hand)
Scrolls
 b - a scroll of immolation
 d - a scroll of amnesia {unknown}
 g - 3 scrolls of butterflies {unknown}
 i - a scroll of enchant armour {unknown}
 j - 2 scrolls of identify {unknown}
 k - 2 scrolls of vulnerability {unknown}
 l - a scroll of blinking {unknown}
Potions
 f - a potion of curing {unknown}
 h - a potion of haste {unknown}


   Skills:
 - Level 2.0 Fighting
 + Level 5.9 Ranged Weapons
 - Level 2.1 Dodging
 - Level 1.0 Stealth


You had 2 spell levels left.
You didn't know any spells.
Your spell library contained the following spells:

 Spells                   Type           Power      Damage    Failure   Level
 Freeze                   Ice            0%         1d3       47%         1
 Frozen Ramparts          Ice            0%         1d1       85%         3
 Hailstorm                Conj/Ice       0%         3d3       85%         3
 Malign Gateway           Summ/Tloc      0%         N/A       100%        7
 Summon Horrible Things   Summ           0%         N/A       100%        8


Dungeon Overview and Level Annotations

Branches:
Dungeon (2/15)

Altars:

Annotations:
D:2 Terence


Innate Abilities, Weirdness & Mutations

You have a beak for a mouth.
You have claws for feet.


Message History

The worm is heavily wounded.
You shoot an arrow. The arrow hits the worm!
You kill the worm!
You shoot an arrow.
The arrow hits Terence but does no damage.
Terence is moderately wounded.
You shoot an arrow. The arrow closely misses Terence.
Terence hits you with a +0 mace.
You shoot an arrow.
The arrow hits Terence but does no damage.
Terence is moderately wounded.
Terence hits you with a +0 mace.
You shoot an arrow. The arrow hits Terence.
Terence is heavily wounded.
Terence barely misses you.
You shoot an arrow.
The arrow hits Terence but does no damage.
Terence is heavily wounded.
Terence closely misses you.
You shoot an arrow. The arrow hits Terence!
Terence is almost dead.
Terence hits you with a +0 mace. Terence hits you with a +0 mace!
Ouch! That really hurt!
* * * LOW HITPOINT WARNING * * *
You are too injured to fight recklessly!
You are too injured to fight recklessly!
Fire: a) +0 shortbow
Press: ? - help, Q - select action Shift-Dir - straight line, f/p - Terence
Aim: Terence, wielding a +0 mace and wearing a +0 chain mail (almost dead, unusually resistant, 71% to hit)
You shoot an arrow.
The arrow hits Terence but does no damage.
Terence is almost dead.
Terence barely misses you.
Fire: a) +0 shortbow
Press: ? - help, Q - select action Shift-Dir - straight line, f/p - Terence
Aim: Terence, wielding a +0 mace and wearing a +0 chain mail (almost dead, unusually resistant, 71% to hit)
You shoot an arrow. The arrow hits Terence.
Terence is almost dead.
Terence hits you with a +0 mace!
You die...

#......#.# #.#.#...
#......#.##....#...
#..................
#.....#####..###...
#........# .......<
#.....##.# .....#..
#.....##...... #..
#............ #..
##@####...... ...
#@# .... . .### #.#
... ## #†# ...
#........ #).......
#.#!#.... ## .....
... #. #.#.## ## #.


You could see Terence (resistant).

Vanquished Creatures
  An adder (D:2)
  2 worms (D:2)
  3 endoplasms
  2 giant cockroaches (D:1)
  3 hobgoblins
  5 kobolds
  A quokka (D:1)
  3 ball pythons
  5 bats
  A frilled lizard (D:2)
  4 goblins
  3 rats (D:1)
33 creatures vanquished.

Notes
Turn   | Place    | Note
-------+----------+-------------------------------------------
     0 | D:1      | HoaS the Tengu Hunter began the quest for the Orb.
     0 | D:1      | Reached XP level 1. HP: 12/12 MP: 2/2
   108 | D:1      | Reached XP level 2. HP: 7/17 MP: 3/3
   229 | D:1      | Reached skill level 5 in Ranged Weapons
   650 | D:2      | Reached XP level 3. HP: 21/21 MP: 4/4
   857 | D:2      | Found a faded altar of an unknown god.
   931 | D:2      | Noticed Terence
   949 | D:2      | Slain by Terence

Illustrated notes

Levels and vault maps discovered:
D:1:      saegor_arrival_simple_b, layout_loops_ring, dk_noncrumbling_3
D:2:      layout_basic, chequers_ecumenical_altar_simple_redux, st_stairs_12,
          uniq_terence

Skill      XL: |  1  2 |
---------------+-------+-----
Ranged Weapons | 5 |  5.9
Fighting       | |  2.0
Dodging        | |  2.1
Stealth        | |  1.0

Action                   || total
-------------------------++-------
 Fire: Shortbow          ||    94
Armor: Leather armour    ||     8
Dodge: Dodged            ||    13

Table legend: (Time is in decaauts)
 A = Elapsed time spent in this place.
 B = Non-inter-level travel time spent in this place.
 C = Inter-level travel time spent in this place.
 D = Time resting spent in this place.
 E = Time spent auto-exploring this place.
 F = Levels seen in this place.
 G = Mean time per level.
                   A        B        C        D        E       F      G
               +--------+--------+--------+--------+--------+-----+--------+
         Total |    974 |    932 |     42 |     46 |    705 |   2 |  487.0 |
       Dungeon |    974 |    932 |     42 |     46 |    705 |   2 |  487.0 |
               +--------+--------+--------+--------+--------+-----+--------+

Top non-repeatable levels by time:
     D:1: 645 daAuts
     D:2: 329 daAuts
